 Dungeon Crawl Stone Soup version 0.22-a0-305-gd21a89c (webtiles) character file.

1024 tilp the Archer (level 8, -1/61 HPs)
             Began as a Centaur Hunter on Mar 29, 2018.
             Slain by a bullfrog (7 damage)
             ... on level 7 of the Dungeon on Mar 30, 2018.
             The game lasted 00:13:43 (5342 turns).

tilp the Archer (Centaur Hunter)                    Turns: 5342, Time: 00:13:43

Health: -1/61      AC:  5    Str: 22    XL:     8   Next: 2%
Magic:  8/8        EV:  9    Int: 10    God:
Gold:   261        SH:  0    Dex: 10    Spells: 7/7 levels left

rFire    . . .     SeeInvis .   b - +1 shortbow
rCold    . . .     Gourm    .   (shield currently unavailable)
rNeg     . . .     Faith    .   c - +0 leather armour
rPois    .         Spirit   .   (no helmet)
rElec    .         Reflect  .   (no cloak)
rCorr    .         Harm     .   t - +0 pair of gloves
MR       .....                  (no barding)
Stlth    +.........             (no amulet)
HPRegen  0.20/turn              (no ring)
MPRegen  0.11/turn              (no ring)

@: mighty, very quick
A: large, hooves 3, deformed body, speed 2, tough skin 3
a: no special abilities


You were on level 7 of the Dungeon.
You were not hungry.

You visited 1 branch of the dungeon, and saw 6 of its levels.

You collected 261 gold pieces.

Inventory:

Hand Weapons
 a - a +0 dagger
 b - a +1 shortbow (weapon)
Missiles
 d - 40 arrows (quivered)
 s - 3 javelins
Armour
 c - a +0 leather armour (worn)
 t - a +0 pair of gloves (worn)
 C - a +0 cloak
Jewellery
 l - an uncursed amulet of the gourmand
 y - an uncursed ring of see invisible {unknown}
 A - a cursed ring of teleportation {unknown}
 E - an uncursed amulet of magic regeneration
Wands
 B - a wand of enslavement (20)
Scrolls
 g - 4 scrolls of remove curse
 h - 5 scrolls of teleportation
 k - 2 scrolls of enchant armour {unknown}
 m - a scroll of noise {unknown}
 n - a scroll of random uselessness {unknown}
 p - a scroll of blinking {unknown}
 v - a scroll of amnesia {unknown}
 z - 4 scrolls of enchant weapon
Potions
 e - a potion of magic {unknown}
 i - 2 potions of heal wounds {unknown}
 j - 2 potions of curing
 o - a potion of might
 r - a potion of degeneration {unknown}
 u - a potion of mutation {unknown}
 w - 3 potions of brilliance {unknown}
 x - a potion of berserk rage {unknown}
 D - a potion of experience {unknown}
Comestibles
 f - 8 rations
 q - 2 chunks of flesh


   Skills:
 - Level 2.0 Fighting
 + Level 12.8 Bows
 - Level 1.3 Dodging
 - Level 0.4 Stealth


You had 7 spell levels left.
You didn't know any spells.

Dungeon Overview and Level Annotations

Branches:
Dungeon (5/15)
 Temple: D:4-7

Altars:
Elyvilon
Hepliaklqana

Annotations:
D:7 Menkaure


Innate Abilities, Weirdness & Mutations

You have hooves in place of feet.
Armour fits poorly on your strangely shaped body.
You cover ground very quickly.
You have extremely tough skin. (AC +3)


Message History

Press: ? - help, Shift-Dir - straight line, f/p - hound
Aim: a hound (severely wounded)
You shoot an arrow. The arrow hits the bullfrog.
The bullfrog is heavily wounded.
The bullfrog hits you.
* * * LOW HITPOINT WARNING * * *
Firing (i - inventory. (/) - cycle)
d - 42 arrows (quivered)
Press: ? - help, Shift-Dir - straight line, f/p - hound
Aim: a hound (severely wounded)
You shoot an arrow. The arrow hits the bullfrog!
The bullfrog is almost dead.
The bullfrog hits you.
* * * LOW HITPOINT WARNING * * *
Firing (i - inventory. (/) - cycle)
d - 41 arrows (quivered)
Press: ? - help, Shift-Dir - straight line, f/p - hound
Aim: a hound (severely wounded)
You shoot an arrow. The arrow hits the bullfrog.
The bullfrog is almost dead.
The bullfrog hits you!
You die...

.....# ..
#..#.# ..
..... .
#...#.#
...#.# ....
####.########
#.@Fho...(...
#.###.#...##
#. #.#...#
...#. ..#..
#. #Z#...#
..#.. ...#.
#$ #o..#
#$..# .... ..
###o#####
#.h.#...# ##
#.....#
.#...#..#
######F##
.S..S...#
#.......#


You could see a bullfrog, a hound and an orc priest.

Vanquished Creatures
  Pikel (D:4)
  An ogre (D:4)
  Blork the orc (D:4)
  A scorpion (D:4)
  A howler monkey (D:4)
  An orc priest (D:4)
  A bullfrog skeleton (D:4)
  2 worker ants (D:4)
  A worker ant zombie (D:5)
  3 gnolls
  6 adders
  4 worms
  A leopard gecko (D:3)
  4 orcs (D:4)
  14 giant cockroaches
  17 goblins
  14 hobgoblins
  6 jackals
  A quokka (D:3)
  3 bats (D:1)
  3 frilled lizards
  5 kobolds
  6 rats
97 creatures vanquished.

Vanquished Creatures (others)
  3 gnolls (D:4)
3 creatures vanquished.

Grand Total: 100 creatures vanquished

Notes
Turn   | Place    | Note
-------+----------+-------------------------------------------
     0 | D:1      | tilp the Centaur Hunter began the quest for the Orb.
     0 | D:1      | Reached XP level 1. HP: 17/17 MP: 1/1
    20 | D:1      | Reached skill level 6 in Bows
    20 | D:1      | Reached XP level 2. HP: 24/24 MP: 2/2
   418 | D:1      | Reached XP level 3. HP: 24/29 MP: 3/3
  1271 | D:2      | Reached skill level 7 in Bows
  1617 | D:2      | Reached XP level 4. HP: 33/36 MP: 4/4
  2376 | D:3      | Reached skill level 8 in Bows
  2811 | D:3      | Reached XP level 5. HP: 41/41 MP: 5/5
  3384 | D:4      | Noticed a slave
  3384 | D:4      | Noticed a slave
  3384 | D:4      | Noticed a slave
  3385 | D:4      | Noticed Pikel
  3400 | D:4      | Reached skill level 9 in Bows
  3407 | D:4      | Noticed Blork the orc
  3418 | D:4      | Killed Blork the orc
  3418 | D:4      | Reached XP level 6. HP: 35/48 MP: 6/6
  3551 | D:4      | Found a white marble altar of Elyvilon.
  3591 | D:4      | Reached skill level 10 in Bows
  4459 | D:4      | Noticed a slave
  4528 | D:4      | Killed Pikel
  4528 | D:4      | Reached skill level 12 in Bows
  4528 | D:4      | Reached XP level 7. HP: 32/55 MP: 7/7
  4773 | D:4      | Found a hazy altar of Hepliaklqana.
  4857 | D:4      | Reached XP level 8. HP: 61/61 MP: 8/8
  5058 | D:5      | Entered Level 5 of the Dungeon
  5285 | D:5      | You fall through a shaft for 2 floors!
  5286 | D:7      | Noticed Menkaure
  5288 | D:7      | Noticed a troll
  5342 | D:7      | Slain by a bullfrog

Vault maps used:
D:1:      lemuel_arrival_lava_pool
D:2:      cheibrodos_greedy_goblins, minmay_small_reverse_x
D:3:      minmay_roachtagon
D:4:      kennysheep_mini, elyvilon_altar_3, uniq_blork_the_orc, uniq_pikel
D:5:      minmay_temple_entry_junction_2, first_ration, uniq_edmund,
          uniq_prince_ribbit1, uniq_eustachio
D:7:      cheibrodos_fzero, lemuel_coloured_pillars_altar, uniq_menkaure

Skill      XL: |  1  2  3  4  5  6 |
---------------+-------------------+-----
Bows           | 6 7 8 9 12 | 12.8
Fighting       | |  2.0
Dodging        | |  1.3
Stealth        | |  0.4

Action                   |  1- 3 |  4- 6 |  7- 9 || total
-------------------------+-------+-------+-------++-------
Melee: Dagger            |   130 |   209 |    23 ||   362
       Kick              |    22 |    47 |     6 ||    75
 Fire: Shortbow          |    11 |    92 |    15 ||   118
Throw: Javelin           |     1 |       |       ||     1
  Use: Scroll            |       |       |     6 ||     6
       Potion            |       |       |     2 ||     2
  Eat: Chunk             |     1 |     5 |     2 ||     8
       Ration            |       |     1 |       ||     1
Armor: Leather armour    |    39 |    83 |    10 ||   132
Dodge: Dodged            |    50 |    96 |    14 ||   160

Table legend:
 A = Spawn XP
 B = Non-spawn XP
 C = Spawn XP percentage of total XP
 D = Spawn monster count
 E = Non-spawn monster count
 F = Spawn count percentage of total count
 G = Total turns spent on level
                    A         B        C        D         E        F      G
               +---------+---------+-------+---------+---------+-------+---------
         Total |       0 |    1463 |   0.0 |       0 |      97 |   0.0 |  5342
               +---------+---------+-------+---------+---------+-------+---------
           D:1 |       0 |      53 |   0.0 |       0 |      23 |   0.0 |  1072
           D:2 |       0 |      66 |   0.0 |       0 |      22 |   0.0 |  1156
           D:3 |       0 |     121 |   0.0 |       0 |      36 |   0.0 |  1152
           D:4 |       0 |    1193 |   0.0 |       0 |      14 |   0.0 |  1678
           D:5 |       0 |      30 |   0.0 |       0 |       2 |   0.0 |   227
               +---------+---------+-------+---------+---------+-------+---------
